Map: Ultralove

Players

Sduiliams

  • Race: Protoss Protoss
  • League: Master
  • Spawn Location: 7:00

ManlyManMeat - Winner!

  • Race: Zerg Zerg
  • League: Diamond
  • Spawn Location: 1:00

VOD

Have the link to the VOD?

Description

Time

  • Played on: July 8, 2025, 6:14 p.m.
  • Length: 8:56
Show
View Real Time Build Order
Export as new Build Order

Sduiliams Protoss 

Build Orders:  

Get SALT Encoding   

  12  0:00  Probe  
  13  0:12  Probe  
  14  0:18  Pylon  
  14  0:24  Probe  
  15  0:34  Probe  
  15  0:40  Forge  
  15  0:42  Probe  
  17  0:56  Pylon  
  17  1:02  Probe  
  18  1:08  Pylon  
  18  1:11  Probe  
  19  1:19  Probe  
  20  1:29  Probe  
  21  1:36  Photon Cannon  
  20  1:41  Probe  
  20  1:46  Gateway  
  20  2:03  Nexus  
  20  2:04  Probe  
  21  2:16  Probe  
  22  2:25  Zealot  
  22  2:36  Probe  
  25  2:40  Photon Cannon  
  25  2:43  Cybernetics Core  
  25  2:47  Pylon  
  25  2:48  Probe  
  28  3:00  Probe  
  27  3:15  Photon Cannon  
  27  3:17  Assimilator  
  27  3:19  Photon Cannon  
  25  3:20  Probe  
  25  3:21  Probe, Assimilator  
  25  3:25  Assimilator  
  25  3:26  Assimilator  
  27  3:34  Probe  
  28  3:44  Shield Battery  
  28  3:45  Pylon  
  28  3:48  Probe  
  29  4:00  Probe  
  31  4:02  Probe  
  31  4:10  Photon Cannon  
  31  4:12  Probe  
  31  4:13  Probe  
  31  4:14  Stargate  
  33  4:21  Probe  
  33  4:22  Probe  
  33  4:28  Pylon  
  33  4:29  Probe  
  33  4:30  Probe  
  34  4:33  Warp Gate  
  34  4:36  Pylon  
  36  4:39  Probe  
  36  4:41  Probe  
  36  4:45  Stargate  
  38  4:51  Probe  
  39  4:53  Probe  
  44  5:05  Probe x2, Void Ray  
  46  5:14  Gateway  
  46  5:17  Probe  
  46  5:21  Pylon  
  47  5:25  Void Ray  
  47  5:31  Probe x2  
  53  5:42  Probe  
  57  5:43  Probe  
  57  5:48  Void Ray  
  59  5:50  Probe  
  59  5:55  Probe  
  61  5:58  Probe  
  66  6:07  Probe  
  66  6:08  Pylon, Void Ray  
  66  6:09  Probe  
  68  6:11  Pylon  
  68  6:19  Nexus  
  72  6:31  Void Ray  
  76  6:51  Void Ray  
  76  7:14  Void Ray  
  84  7:32  Fleet Beacon  
  84  7:33  Photon Cannon  
  84  7:34  Void Ray  
  84  7:37  Pylon  
  84  7:38  Pylon  
  84  7:41  Probe  
  84  7:42  Pylon  
  84  7:43  Pylon  
  85  7:44  Probe x2  
  85  7:49  Pylon  
  85  7:50  Pylon  
  87  7:53  Pylon, Probe  
  87  7:56  Probe x2, Assimilator  
  89  8:00  Assimilator  
  89  8:02  Pylon  
  89  8:05  Probe  
  89  8:06  Gateway  
  89  8:07  Gateway  
  89  8:08  Probe x2  
  89  8:09  Robotics Facility  
  89  8:11  Twilight Council  
  89  8:12  Gateway  
  92  8:14  Gateway, Shield Battery  
  92  8:15  Shield Battery  
  92  8:16  Probe  
  92  8:17  Shield Battery  
  97  8:22  Probe  
  97  8:24  Probe  
  97  8:25  Probe  
  99  8:30  Probe  
  99  8:37  Probe  
Show
View Real Time Build Order
Export as new Build Order

ManlyManMeat Zerg - Winner!

Build Orders: Hatch First 

Get SALT Encoding   

  12  0:00  Drone  
  13  0:08  Drone  
  14  0:14  Extractor  
  14  0:16  Drone  
  15  0:23  Overlord  
  15  0:42  Drone  
  16  0:46  Hatchery  
  15  1:09  Drone  
  15  1:10  Drone x2  
  18  1:38  Drone  
  19  1:41  Extractor, Spawning Pool  
  17  1:55  Drone x3  
  16  2:29  Zergling x4  
  19  2:30  Zergling x2, Queen  
  19  2:35  Queen  
  23  2:39  Zergling x2  
  23  2:41  Zergling x2  
  25  2:45  Zergling x2  
  26  2:52  Drone x2  
  27  3:24  Hatchery  
  27  3:25  Drone x2  
  28  3:39  Overlord x2  
  28  4:00  Drone x7  
  35  4:06  Drone  
  36  4:15  Drone x3  
  39  4:22  Metabolic Boost  
  39  4:27  Drone, Baneling Nest  
  39  4:31  Extractor  
  39  4:32  Drone x2  
  39  4:34  Drone  
  41  4:40  Drone x2  
  43  4:55  Baneling Nest, Drone x2  
  43  4:56  Drone x3  
  43  4:59  Extractor  
  45  5:08  Drone x4  
  45  5:09  Overlord  
  49  5:15  Overlord  
  49  5:16  Overlord  
  49  5:21  Spore Crawler  
  49  5:22  Spore Crawler  
  49  5:25  Spore Crawler  
  46  5:35  Lair  
  46  5:36  Drone  
  46  5:37  Drone  
  46  5:38  Drone x3  
  46  5:39  Drone  
  52  5:47  Overlord, Extractor  
  51  5:53  Overlord x2  
  51  5:54  Drone x2  
  53  6:05  Evolution Chamber  
  53  6:09  Drone x3  
  55  6:14  Queen x2  
  59  6:24  Drone x2  
  59  6:25  Drone  
  62  6:31  Zerg Missile Weapons Level 1  
  62  6:34  Hydralisk Den  
  62  6:35  Drone x4  
  62  6:36  Overlord  
  65  6:49  Spore Crawler  
  65  6:50  Spore Crawler  
  65  6:51  Drone x2, Spore Crawler  
  64  7:04  Overlord x4  
  64  7:15  Hydralisk x5  
  74  7:23  Muscular Augments  
  74  7:25  Hydralisk x5  
  84  7:35  Hydralisk x4  
  92  7:45  Hydralisk x4  
  100  7:52  Baneling x8  
  100  8:02  Hydralisk x3  
  106  8:10  Overlord x2  
  106  8:11  Overlord  
  106  8:20  Overlord x2  
  106  8:21  Overlord  
  106  8:28  Hydralisk  
  106  8:29  Hydralisk x4  
Tags
 
Matchup
PvZ
Replay Pack
Myownreplay2
Spawn Locations
Cross Positions
Add a new tag
Caveats
  • Supply blocks, unpowered buildings, or Contaminate may cause inaccurate times.
  • Supply counts are checked every 10 seconds.